 Dungeon Sprint DCSS version 0.31.0-32-g396128a36d (webtiles) character file.

Game seed: 5239831718561040799

3800000 James the Conqueror (level 24, -27/208 HPs)
             Began as a Djinni Fighter on Mar 16, 2024.
             Was the Champion of Makhleb.
             Annihilated by a large bag of meat
             ... wielding a +9 giant spiked club
              (109 damage)
             ... in the Dungeon (Sprint VIII: "Arena of Blood").
             The game lasted 00:02:34 (38 turns).

James the Conqueror (Djinni Fighter)                  Turns: 38, Time: 00:02:35

Health: -27/208    AC: 13    Str: 23    XL:     24   Next: 5%
Gold:   0          EV: 24    Int: 12    God:    Makhleb [******] SH:  0 Dex: 15

rFire   + + .        j - +∞ Axe of Woe
rCold   x . .        (shield currently unavailable)
rNeg    . . .        b - +0 scale mail
rPois   ∞            (no helmet)
rElec   .            (no cloak)
rCorr   .            (no gloves)
SInv    .            (boots unavailable)
Will    ++...        (no amulet)
Stlth   ++++++++     (no ring)
HPRegen 0.54/turn    (no ring)
MPRegen 0.00/turn

%: no teleportation, infuse magic (-28 HP)
@: flying
A: sickness immunity, fire resistance 2, cold vulnerability 1, float, innate
caster, HP casting, extra vitality 1
a: Renounce Religion, Minor Destruction, Lesser Servant of Makhleb, Major
Destruction, Greater Servant of Makhleb


You were in the Dungeon.
You worshipped Makhleb.
Makhleb was exalted by your worship.
You visited 1 branch

Inventory:

Hand Weapons
 a - a +0 war axe
 j - the +∞ Axe of Woe (weapon)
   (You found it in the Dungeon)
Armour
 b - a +0 scale mail (worn)
 c - a +0 buckler
Jewellery
 k - a +30 ring of slaying
   (You took it off an ogre in the Dungeon)
Scrolls
 i - a scroll of blinking
Potions
 d - a potion of might
 e - a potion of curing {@q1}
 f - a potion of heal wounds {@q2}
 g - a potion of haste {@q3}
 h - a potion of berserk rage


   Skills:
 O Level 27 Fighting
 + Level 9.4(11.1) Short Blades
 + Level 9.4(11.1) Long Blades
 O Level 27 Axes
 + Level 9.4 Staves
 + Level 8.6 Ranged Weapons
 + Level 8.6 Throwing
 O Level 27 Armour
 O Level 27 Dodging
 O Level 27 Stealth
 O Level 27 Shields
 + Level 10.3 Unarmed Combat
 O Level 27 Spellcasting
 O Level 27 Conjurations
 O Level 27 Hexes
   Level 0.0 Charms
 O Level 27 Summonings
 O Level 27 Necromancy
 O Level 27 Translocations
   Level 0.0 Transmutations
 O Level 27 Fire Magic
 O Level 27 Ice Magic
 O Level 27 Air Magic
 O Level 27 Earth Magic
 O Level 27 Alchemy
 O Level 27 Invocations
 O Level 27 Evocations
 + Level 8.6 Shapeshifting


You knew the following spells:

 Your Spells              Type           Power      Damage    Failure   Level
a - Sting                 Conj/Alch      100%       1d9       0%          1
b - Mercury Vapours       Alch/Air       100%       N/A       0%          2
c - Call Canine Familiar  Summ           69%        N/A       0%          3
d - Hailstorm             Conj/Ice       69%        3d12      0%          3
e - Yara's Violent Unrav  Hex/Alch       34%        3d14      0%          5
f - Summon Cactus Giant   Summ           34%        N/A       0%          6
g - Death Channel         Necr           34%        N/A       0%          6
h - Sculpt Simulacrum     Ice/Alch       34%        N/A       0%          6
i - Ozocubu's Refrigerat  Ice            34%        4d15      1%          7
j - Borgnjor's Revivific  Necr           34%        N/A       1%          8
q - Sticky Flame          Fire/Alch      69%        2d11      0%          4
Your spell library was empty.

Dungeon Overview and Level Annotations

Branches:
Dungeon (1/1)

Altars:
Makhleb

Annotations:
D The Servant


Innate Abilities, Weirdness & Mutations

You are immune to sickness and miasma.
You are immune to poison.
Your flesh is very heat resistant. (rF++)
You are vulnerable to cold. (rC-)
You float through the air rather than walking.
You learn spells naturally, not from books.
Your magical power is your life essence.
You have superior vitality. (+4 MHP)


Message History

You kill the bag of meat!
Makhleb accepts your kill.
You slice the bag of meat!!
You fatally mangle the bag of meat.
You kill the bag of meat!
Makhleb accepts your kill.
You are engulfed in blazing flames.
You resist.
The bag of meat is engulfed in blazing flames.
A bag of meat comes into view. It is wielding a +9 war axe.
Your base Short Blades skill gained 5 levels and is now at level 6!
Your base Long Blades skill gained 5 levels and is now at level 6!
Your Staves skill gained 5 levels and is now at level 6!
Your Ranged Weapons skill gained 5 levels and is now at level 6!
Your Throwing skill gained 5 levels and is now at level 6!
Your Unarmed Combat skill gained 5 levels and is now at level 7!
Your Shapeshifting skill gained 5 levels and is now at level 6!
You hit the bag of meat.
You fatally mangle the bag of meat.
You kill the bag of meat!
Makhleb accepts your kill.
You feel better.
You slash the bag of meat!
You hew the bag of meat violently.
You kill the bag of meat!
Makhleb accepts your kill.
You hit the bag of meat.
You butcher the bag of meat messily.
You kill the bag of meat!
Makhleb accepts your kill.
You are engulfed in blazing flames.
You resist.
The Servant hits you from afar with a +9 glaive of flaming!!!!
Ouch! That really hurt!
* * * LOW HITPOINT WARNING * * *
The Servant burns you!
* * * LOW HITPOINT WARNING * * *
You hear two shouts!
You hear a shout!
Your base Short Blades skill gained 3 levels and is now at level 9!
Your base Long Blades skill gained 3 levels and is now at level 9!
Your Staves skill gained 3 levels and is now at level 9!
Your Ranged Weapons skill gained 2 levels and is now at level 8!
Your Throwing skill gained 2 levels and is now at level 8!
Your Unarmed Combat skill gained 3 levels and is now at level 10!
Your Shapeshifting skill gained 2 levels and is now at level 8!
You have reached level 24!
You feel clever.
A bag of meat comes into view. It is wielding a +9 war axe.
The sculptor of flesh appears out of thin air!
A sculptor of flesh comes into view. It is wielding a +9 great sword.
You hear a shout! x2
A bag of meat comes into view. It is wielding a +9 war axe.
A destroyer comes into view. It is wielding a +9 heavy great sword.
The large bag of meat is engulfed in blazing flames.
The large bag of meat hits you with a +9 giant spiked club!!!!
Ouch! That really hurt!
You die...

..... .. #.o. .#
. #... ..#
..###... ..###.
.....o###......
....☼_.o....
#o)V..# #§§O§_#
#@))§O#
#.....@.O§z..V..
.......o###..o...
...###... ..###.
.. #.o. ..# #....
.# .o... ..
...o..


You could see The Servant, 2 destroyers, a sculptor of flesh, a large bag of
meat (inner flame), 2 meat berserkers and 9 bags of meat.

Vanquished Creatures
  3 vampire knights (D)
  16 ogres (D)
  2 two-headed ogres (D)
  29 orcs (D)
50 creatures vanquished.

Notes
Turn   | Place    | Note
-------+----------+-------------------------------------------
     0 | D        | Found the +∞ Axe of Woe
     0 | D        | James the Djinni Fighter began the quest for the Orb.
     0 | D        | Reached XP level 1. HP: 20/20 MP: 0/0
     2 | D        | Noticed a bag of meat
     2 | D        | Noticed a bag of meat
     3 | D        | Noticed a bag of meat
     4 | D        | Noticed a bag of meat
     7 | D        | Noticed a meat berserker
     8 | D        | Noticed a meat berserker
     8 | D        | Noticed a meat berserker
     9 | D        | Killed a bag of meat
    10 | D        | Reached XP level 2. HP: 40/40 MP: 0/0
    10 | D        | Reached XP level 3. HP: 45/45 MP: 0/0
    10 | D        | Learned a level 1 spell: Sting
    10 | D        | Reached XP level 4. HP: 51/51 MP: 0/0
    10 | D        | Reached XP level 5. HP: 57/57 MP: 0/0
    10 | D        | Learned a level 2 spell: Mercury Vapours
    10 | D        | Reached XP level 6. HP: 63/63 MP: 0/0
    10 | D        | Reached XP level 7. HP: 68/68 MP: 0/0
    10 | D        | Learned a level 3 spell: Call Canine Familiar
    10 | D        | Reached XP level 8. HP: 75/75 MP: 0/0
    10 | D        | Reached XP level 9. HP: 80/80 MP: 0/0
    10 | D        | Learned a level 3 spell: Hailstorm
    10 | D        | Reached XP level 10. HP: 86/86 MP: 0/0
    10 | D        | Reached XP level 11. HP: 92/92 MP: 0/0
    10 | D        | Learned a level 4 spell: Sticky Flame
    10 | D        | Killed a meat berserker
    10 | D        | Killed a meat berserker
    10 | D        | Killed a bag of meat
    11 | D        | Reached skill level 15 in Axes
    11 | D        | Reached XP level 12. HP: 109/109 MP: 0/0
    11 | D        | Reached XP level 13. HP: 115/115 MP: 0/0
    11 | D        | Learned a level 5 spell: Yara's Violent Unravelling
    11 | D        | Reached XP level 14. HP: 121/121 MP: 0/0
    11 | D        | Killed a bag of meat
    11 | D        | Killed a bag of meat
    11 | D        | Noticed a bag of meat
    12 | D        | Reached XP level 15. HP: 129/129 MP: 0/0
    12 | D        | Learned a level 6 spell: Summon Cactus Giant
    12 | D        | Killed a meat berserker
    12 | D        | Noticed a meat berserker
    13 | D        | Became a worshipper of Makhleb the Destroyer
    13 | D        | Noticed a meat berserker
    16 | D        | Noticed a meat berserker
    16 | D        | Killed a meat berserker
    16 | D        | Noticed a meat berserker
    17 | D        | Reached XP level 16. HP: 140/140 MP: 0/0
    17 | D        | Reached * piety under Makhleb
    17 | D        | Noticed a meat berserker
    19 | D        | Killed a meat berserker
    19 | D        | Noticed a large bag of meat
    20 | D        | Killed a meat berserker
    20 | D        | Noticed a meat berserker
    20 | D        | Noticed a meat berserker
    21 | D        | Reached XP level 17. HP: 96/151 MP: 0/0
    21 | D        | Learned a level 6 spell: Death Channel
    21 | D        | Reached ** piety under Makhleb
    21 | D        | Noticed a meat berserker
    21 | D        | Noticed a meat berserker
    22 | D        | Killed a meat berserker
    23 | D        | Killed a meat berserker
    23 | D        | Reached *** piety under Makhleb
    23 | D        | Noticed a large bag of meat
    23 | D        | Noticed a destroyer
    24 | D        | Reached XP level 18. HP: 106/165 MP: 0/0
    24 | D        | Killed a meat berserker
    24 | D        | Reached **** piety under Makhleb
    24 | D        | Noticed a destroyer
    24 | D        | Noticed a meat berserker
    25 | D        | Killed a meat berserker
    25 | D        | Noticed a meat berserker
    26 | D        | Reached skill level 27 in Fighting
    26 | D        | Reached skill level 27 in Axes
    26 | D        | Reached skill level 27 in Armour
    26 | D        | Reached skill level 27 in Dodging
    26 | D        | Reached skill level 27 in Shields
    26 | D        | Reached XP level 19. HP: 174/174 MP: 0/0
    26 | D        | Learned a level 6 spell: Sculpt Simulacrum
    26 | D        | Noticed a meat berserker
    27 | D        | Killed a meat berserker
    27 | D        | Reached ***** piety under Makhleb
    27 | D        | Killed a meat berserker
    28 | D        | Reached XP level 20. HP: 143/181 MP: 0/0
    28 | D        | Killed a destroyer
    29 | D        | Killed a large bag of meat
    29 | D        | Killed a meat berserker
    29 | D        | Noticed a destroyer
    29 | D        | Noticed a meat berserker
    30 | D        | Reached XP level 21. HP: 173/187 MP: 0/0
    30 | D        | Learned a level 7 spell: Ozocubu's Refrigeration
    30 | D        | Killed a meat berserker
    30 | D        | Reached ****** piety under Makhleb
    30 | D        | Noticed The Servant
    30 | D        | Noticed a large bag of meat
    31 | D        | Reached skill level 27 in Invocations
    31 | D        | Killed a large bag of meat
    31 | D        | Killed a meat berserker
    31 | D        | Noticed a meat berserker
    32 | D        | Reached skill level 27 in Spellcasting
    32 | D        | Reached skill level 27 in Conjurations
    32 | D        | Reached skill level 27 in Hexes
    32 | D        | Reached skill level 27 in Summonings
    32 | D        | Reached skill level 27 in Necromancy
    32 | D        | Reached skill level 27 in Translocations
    32 | D        | Reached skill level 27 in Fire Magic
    32 | D        | Reached skill level 27 in Ice Magic
    32 | D        | Reached skill level 27 in Air Magic
    32 | D        | Reached skill level 27 in Earth Magic
    32 | D        | Reached skill level 27 in Alchemy
    32 | D        | Reached XP level 22. HP: 183/194 MP: 0/0
    33 | D        | Killed a destroyer
    34 | D        | Killed a destroyer
    34 | D        | Noticed a meat berserker
    35 | D        | Reached XP level 23. HP: 200/201 MP: 0/0
    35 | D        | Learned a level 8 spell: Borgnjor's Revivification
    35 | D        | Noticed a destroyer
    36 | D        | Reached skill level 27 in Stealth
    36 | D        | Reached skill level 27 in Evocations
    36 | D        | Reached skill level 1 in Short Blades
    36 | D        | Reached skill level 1 in Long Blades
    36 | D        | Reached skill level 1 in Staves
    36 | D        | Reached skill level 1 in Ranged Weapons
    36 | D        | Reached skill level 1 in Throwing
    36 | D        | Reached skill level 1 in Shapeshifting
    38 | D        | Reached skill level 10 in Unarmed Combat
    38 | D        | Reached XP level 24. HP: 82/208 MP: 0/0
    38 | D        | Noticed a destroyer
    38 | D        | Annihilated by a large bag of meat

Illustrated notes

Levels and vault maps discovered:
D:        meatsprint

Skill      XL: |  1  2  3  4  5  6  7  8  9 10 11 12 13 14 15 16 17 18 19 20 21 22 23 |
---------------+----------------------------------------------------------------------+-----
Fighting       | 13 18 19 21 23 26 27 | 27.0
Axes           | 11 15 16 18 20 22 27 | 27.0
Armour         | 13 18 19 21 23 26 27 | 27.0
Shields        | 13 18 19 21 23 26 27 | 27.0
Dodging        | 14 16 18 21 24 27 | 27.0
Spellcasting   | 3 14 21 27 | 27.0
Conjurations   | 3 14 21 27 | 27.0
Hexes          | 3 14 21 27 | 27.0
Summonings     | 3 14 21 27 | 27.0
Necromancy     | 3 14 21 27 | 27.0
Translocations | 3 14 21 27 | 27.0
Fire Magic     | 3 14 21 27 | 27.0
Ice Magic      | 3 14 21 27 | 27.0
Air Magic      | 3 14 21 27 | 27.0
Earth Magic    | 3 14 21 27 | 27.0
Alchemy        | 3 14 21 27 | 27.0
Invocations    | 4 17 25 27 | 27.0
Stealth        | 11 24 27 | 27.0
Evocations     | 12 26 27 | 27.0
Short Blades   | 9 |  9.4
Long Blades    | 9 |  9.4
Staves         | 9 |  9.4
Ranged Weapons | 8 |  8.6
Throwing       | 8 |  8.6
Unarmed Combat | 10 | 10.3
Shapeshifting  | 8 |  8.6

Action                     |  1- 3 |  4- 6 |  7- 9 | 10-12 | 13-15 | 16-18 | 19-21 | 22-24 || total
---------------------------+-------+-------+-------+-------+-------+-------+-------+-------++-------
  Melee: Executioner's axe |     1 |       |       |     1 |     3 |     8 |     5 |     6 ||    24
 Armour: Scale mail        |       |       |       |       |       |     3 |     6 |     8 ||    17
